AoeStats
← Erickinio

Black Forest

509819773Analyzed
4v4 RM · 4d ago on Sep 28, 2026· 55m 35s· 8 players
Game mode
Random Map
Map size
Large (8 player)
Population
200
Speed
Normal
Resources
Standard
Victory
Conquest
Starting age
Dark Age
Ending age
Imperial Age
RankedLock teamsTeams togetherTeam positionsShared explorationLock speedFull tech treeHidden civsTurbo modeCheats
Victory
Defeat
🇺🇸 Chinese · United States
914
+14
🇹🇼 Persians · Taiwan
909
+14
🇦🇷 Celts · Argentina
900
+15
🇨🇦 Spanish · Canada
877
+15
🇺🇸 Bohemians · United States
920
-17
🇺🇸 Lithuanians · United States
884
-15
🇺🇸 Mongols · United States
861
-14
🇺🇸 Ethiopians · United States
808
-12
DingZ
12:01 Loom
15:49 Feudal Age
21:17 Castle Age
19:27 Double-Bit Axe
23:52 Horse Collar
24:25 Bow Saw
28:09 Stone Mining
29:52 Fletching
31:34 Bodkin Arrow
33:00 Pikeman
33:53 Bloodlines
33:34 Elite Skirmisher
38:10 Imperial Age
36:17 Wheelbarrow
39:12 Cavalier
42:26 Paladin
43:45 Conscription
44:30 Chemistry
43:46 Gold Mining
44:45 Ballistics
44:40 Masonry
46:42 Heavy Plow
47:31 Elite Conquistador
49:43 Halberdier
51:59 Forging
54:43 Hand Cart
56:51 Two-Man Saw
55:55 Husbandry
55:17 Light Cavalry
56:00 Squires
hello
0:27 Loom
12:18 Feudal Age
13:35 Double-Bit Axe
14:01 Gold Mining
18:58 Castle Age
16:57 Stone Mining
18:26 Horse Collar
22:38 Wheelbarrow
22:24 Bow Saw
22:20 Heavy Plow
25:06 Gold Shaft Mining
25:07 Stone Shaft Mining
27:06 Fishing Lines
28:00 Fletching
28:10 Padded Archer Armor
28:18 Caravan
33:51 Imperial Age
32:37 Gillnets
33:14 Hand Cart
32:46 Town Watch
33:52 Bodkin Arrow
34:13 Leather Archer Armor
35:13 Ballistics
35:54 Chemistry
35:05 Masonry
34:51 Murder Holes
35:00 Bracer
35:25 Conscription
35:34 Town Patrol
36:00 Thumb Ring
35:21 Elite Skirmisher
36:34 Ring Archer Armor
37:26 Squires
37:45 Scale Mail Armor
38:38 Elite Chu Ko Nu
40:51 Architecture
40:44 Bombard Tower
47:00 Two-Man Saw
50:24 Rocketry
53:36 Heavy Scorpion
@_@
11:55 Feudal Age
12:57 Loom
15:49 Castle Age
14:03 Fishing Lines
14:13 Double-Bit Axe
14:10 Horse Collar
15:58 Wheelbarrow
18:31 Gillnets
20:27 Bow Saw
22:02 Heavy Plow
23:28 Town Watch
24:03 Gold Mining
24:04 Stone Mining
26:02 Hand Cart
27:55 Gold Shaft Mining
27:56 Stone Shaft Mining
30:09 Scale Barding Armor
30:15 Forging
30:52 Town Patrol
32:43 Husbandry
32:55 Bloodlines
33:55 Chain Barding Armor
36:08 Imperial Age
34:16 Iron Casting
37:08 Conscription
36:59 Citadels
36:13 Elite War Elephant
37:45 Cavalier
41:08 Plate Barding Armor
44:31 Crop Rotation
45:15 Two-Man Saw
45:28 Savar
48:51 Blast Furnace
56:20 Ballistics
57:01 Chemistry
55:51 Heated Shot
Erickinio
0:56 Loom
12:30 Feudal Age
14:21 Double-Bit Axe
15:34 Man-at-Arms
16:59 Forging
17:50 Gold Mining
18:36 Stone Mining
21:03 Wheelbarrow
20:37 Arson
27:48 Castle Age
27:36 Scale Mail Armor
28:15 Long Swordsman
28:41 Gambesons
28:17 Pikeman
29:34 Iron Casting
31:12 Chain Mail Armor
31:35 Horse Collar
32:15 Bow Saw
32:42 Hand Cart
33:23 Town Watch
36:05 Stone Shaft Mining
36:05 Gold Shaft Mining
37:09 Murder Holes
40:58 Imperial Age
40:14 Town Patrol
41:52 Halberdier
42:35 Stronghold
43:06 Conscription
42:09 Two-Handed Swordsman
43:06 Masonry
43:58 Heavy Plow
45:01 Blast Furnace
44:31 Plate Mail Armor
45:39 Fletching
45:50 Padded Archer Armor
47:01 Chemistry
47:02 Ballistics
46:48 Siege Engineers
47:58 Gold Shaft Mining
47:07 Heavy Scorpion
47:24 Champion
48:18 Onager
49:05 Bodkin Arrow
49:25 Leather Archer Armor
50:38 Siege Onager
52:46 Leather Archer Armor
54:32 Ring Archer Armor
huntrixLoL
0:34 Loom
12:09 Feudal Age
12:34 Double-Bit Axe
12:29 Horse Collar
18:15 Fletching
19:49 Padded Archer Armor
24:58 Gold Mining
28:07 Castle Age
28:27 Crossbowman
29:58 Stone Mining
32:44 Bodkin Arrow
35:53 Wheelbarrow
35:42 Husbandry
36:23 Bloodlines
36:22 Light Cavalry
38:50 Heavy Plow
43:57 Imperial Age
43:12 Leather Archer Armor
DUck
0:41 Loom
11:21 Loom
14:05 Feudal Age
18:59 Castle Age
17:43 Horse Collar
17:51 Double-Bit Axe
18:00 Gold Mining
18:29 Fletching
21:20 Bow Saw
21:49 Gold Shaft Mining
21:04 Stone Mining
25:21 Crossbowman
26:11 Bodkin Arrow
27:52 Padded Archer Armor
29:31 Wheelbarrow
30:44 Thumb Ring
33:17 Leather Archer Armor
41:49 Imperial Age
40:00 Hand Cart
43:20 Onager
45:19 Arbalester
47:11 Stone Mining
47:45 Arbalester
48:46 Forging
48:44 Bracer
49:14 Ring Archer Armor
48:57 Scale Mail Armor
50:08 Halberdier
50:50 Squires
52:20 Iron Casting
krook
1:36 Loom
12:40 Feudal Age
14:06 Double-Bit Axe
17:17 Horse Collar
20:01 Fishing Lines
23:49 Castle Age
31:46 Coinage
32:01 Wheelbarrow
31:14 Town Watch
35:05 Imperial Age
33:02 Scale Mail Armor
33:13 Forging
32:53 Fletching
34:28 Chemistry
34:28 Squires
33:48 Pikeman
34:14 Arson
35:26 Halberdier
35:39 Houfnice
36:14 Halberdier
37:18 Chain Mail Armor
38:11 Wagenburg Tactics
40:26 Siege Engineers
40:42 Ballistics
43:12 Conscription
45:49 Plate Mail Armor
45:55 Iron Casting
45:15 Bodkin Arrow
46:12 Hand Cart
45:59 Town Patrol
47:09 Elite Hussite Wagon
50:55 Bow Saw
52:05 Blast Furnace
51:06 Bracer
im just gettin lucky
1:36 Loom
12:01 Feudal Age
13:52 Double-Bit Axe
13:49 Horse Collar
25:14 Fishing Lines
28:29 Castle Age
29:06 Stone Mining
30:34 Gillnets
33:23 Stone Shaft Mining
34:03 Bow Saw
37:40 Imperial Age
35:58 Wheelbarrow
38:04 Hand Cart
39:05 Conscription
39:07 Drill
38:09 Elite Mangudai
39:37 Onager
45:03 Fletching
45:14 Padded Archer Armor
47:10 Bodkin Arrow
47:31 Leather Archer Armor
46:50 Siege Onager
Connection lost

Rejoining the realm…

Still unreachable

The connection could not be restored.

Session expired

The server has moved on; the page needs a fresh start.